 Dungeon Crawl Stone Soup version 0.22.1-1-ga44c0e5 (webtiles) character file.

2889 Zebedee the Spear-Bearer (level 10, -1/74 HPs)
             Began as a Formicid Abyssal Knight on Oct 4, 2018.
             Was an Elder of Lugonu.
             Slain by a two-headed ogre
             ... wielding a cursed +0 giant spiked club
              (19 damage)
             ... on level 8 of the Dungeon.
             The game lasted 00:25:14 (9094 turns).

Zebedee the Spear-Bearer (Formicid Abyssal Knight)  Turns: 9094, Time: 00:25:14

Health: -1/74      AC: 14    Str: 21    XL:     10   Next: 5%
Magic:  12/12      EV:  8    Int: 13    God:    Lugonu [****..]
Gold:   263        SH:  0    Dex: 10    Spells: 9/9 levels left

rFire    . . .     SeeInvis +   D - +6 lajatang "Jemuzoz" {slice, rC+ rN+ Str+2}
rCold    + . .     Gourm    .   (no shield)
rNeg     + . .     Faith    .   d - +0 chain mail
rPois    .         Spirit   .   (helmet unavailable)
rElec    .         Reflect  .   y - +0 cloak
rCorr    .         Harm     .   w - +1 pair of gloves
MR       +....                  j - +0 pair of boots
Stlth    ..........             (no amulet)
HPRegen  0.22/turn              (no ring)
MPRegen  0.13/turn              (no ring)

@: no status effects
A: permanent stasis, dig shafts and tunnels, four strong arms, antennae 3
a: Dig, Shaft Self, Depart the Abyss, Bend Space, Banish, Corrupt, Renounce
Religion


You were on level 8 of the Dungeon.
You worshipped Lugonu.
Lugonu was greatly pleased with you.
You were not hungry.

You visited 1 branch of the dungeon, and saw 8 of its levels.
You visited the Abyss 1 time.
You also visited: Ossuary.

You collected 338 gold pieces.
You spent 75 gold pieces at shops.

Inventory:

Hand Weapons
 a - a +1 spear
 i - a +1 trident
 D - the +6 lajatang "Jemuzoz" (weapon) {slice, rC+ rN+ Str+2}
   (You found it on level 8 of the Dungeon)

   It inflicts extra damage upon your enemies.
   It affects your strength (+2).
   It protects you from cold.
   It protects you from negative energy.
Missiles
 e - 171 stones
 f - 34 poisoned needles
 q - 17 javelins (quivered)
Armour
 b - a +0 leather armour
 d - a +0 chain mail (worn)
 j - a +0 pair of boots (worn)
 w - a +1 pair of gloves (worn)
 x - a +2 pair of boots
 y - a +0 cloak (worn)
Wands
 m - a wand of flame (37)
 B - a wand of disintegration (19)
Scrolls
 l - 7 scrolls of remove curse
 z - 2 scrolls of identify
 A - a scroll of magic mapping
 C - a scroll of vulnerability {unknown}
Potions
 h - a potion of resistance {unknown}
 k - 2 potions of lignification {unknown}
 n - 3 potions of flight {unknown}
 o - 6 potions of curing
 p - a potion of magic {unknown}
 r - a potion of cancellation {unknown}
 s - a potion of berserk rage {unknown}
 t - 6 potions of heal wounds
 u - a potion of mutation {unknown}
 v - 2 potions of brilliance
Comestibles
 c - 18 rations
 g - 6 chunks of flesh


   Skills:
 + Level 5.1 Fighting
 + Level 11.7 Polearms
 - Level 0.5(7.5) Staves
 + Level 4.5 Armour
 - Level 0.8 Dodging
 * Level 3.9 Invocations


You had 9 spell levels left.
You didn't know any spells.
Your spell library contained the following spells:

 Spells                   Type           Power        Failure   Level  Hunger
 Apportation              Tloc           #.....       95%         1    ##.....
 Summon Butterflies       Summ           #.......     95%         1    ##.....
 Lesser Beckoning         Tloc           #.........   100%        3    ####...
 Tukima's Dance           Hex            #.......     100%        3    ####...
 Alistair's Intoxication  Tmut/Pois      #.......     100%        5    ######.
 Invisibility             Hex            #.......     100%        6    #######


Dungeon Overview and Level Annotations

Branches:
Dungeon (8/15)             Temple (0/1) D:5
   Lair: D:8-11

Altars:
Elyvilon
Makhleb
Ru
Sif Muna
Uskayaw
Vehumet

Shops:
D:4 *?:=   D:7 !

Annotations:
D:3 exclusion: downstairs
D:5 1 runed door, Iscandelvey's ghost, novice DgWz
D:8 1 transporter, Phong's ghost, novice OpTm


Innate Abilities, Weirdness & Mutations

You cannot be hasted, slowed, berserked, paralysed or teleported.
You can dig through walls and to a lower floor.
Your four strong arms can wield two-handed weapons with a shield.
You have a pair of large antennae on your head. (SInv)


Message History

You are too injured to fight recklessly!
You are too injured to fight recklessly!
You are too injured to fight recklessly!
You are too injured to fight recklessly!
You are too injured to fight recklessly!
You are too injured to fight recklessly!
You are too injured to fight recklessly!
You are too injured to fight recklessly!
You are too injured to fight recklessly!
You are too injured to fight recklessly!
Your chain mail prevents you from hitting the two-headed ogre.
The two-headed ogre is heavily wounded.
The two-headed ogre hits you with a giant spiked club!
* * * LOW HITPOINT WARNING * * *
The two-headed ogre barely misses you.
You hit the two-headed ogre.
The two-headed ogre is severely wounded.
The two-headed ogre hits you but does no damage.
The two-headed ogre hits you with a giant club!!
You die...

#.........# #.........#
#.........#
#.........##+###
+.............>#
##..............
......O.......#
#@......## ..# #........#
..# ...# #........# ..#
.....# #.....%..# ..#
.....# ##.####..# ..#
.....########.####..# ..#
.....+..............#
..##.....###.####+####..#
...................#


You could see a two-headed ogre.

Vanquished Creatures
  A hippogriff (D:8)
  A water moccasin (D:4)
  Duvessa (D:5)
  An ice beast (D:3)
  A phantom (D:5)
  5 ogres
  A centaur (D:7)
  A crocodile (D:7)
  2 big kobolds
  4 bullfrogs
  A gnoll sergeant (D:6)
  Dowan (D:5)
  A water moccasin zombie (Ossuary)
  2 scorpions
  2 crimson imps (D:6)
  A hound (D:4)
  A bullfrog skeleton (D:5)
  A gnoll shaman (D:6)
  2 iguanas (D:5)
  6 orc wizards
  9 worker ants
  4 big kobold zombies (Ossuary)
  A hound zombie (D:6)
  3 mummies
  7 gnolls (D:6)
  A howler monkey skeleton (D:7)
  12 adders
  A river rat (D:5)
  An adder skeleton (D:6)
  5 adder zombies
  2 worms
  2 dart slugs
  6 leopard geckos
  27 orcs
  2 ball pythons (D:5)
  6 giant cockroaches
  3 gnoll zombies (Ossuary)
  5 goblins
  6 hobgoblins
  4 jackals (D:5)
  4 quokkas
  11 bats
  6 frilled lizards
  A goblin zombie (D:4)
  7 hobgoblin zombies (Ossuary)
  19 kobolds
  5 kobold zombies (Ossuary)
  4 orc zombies
  20 rats
220 creatures vanquished.

Notes
Turn   | Place    | Note
-------+----------+-------------------------------------------
     0 | Abyss:1  | Zebedee the Formicid Abyssal Knight began the quest for the
                  | Orb.
     0 | Abyss:1  | Reached XP level 1. HP: 18/18 MP: 2/2
    61 | Abyss:2  | Noticed a great orb of eyes
   105 | Abyss:2  | Noticed a large abomination
   111 | Abyss:2  | Noticed a small abomination
   115 | Abyss:2  | Noticed a fire elemental
   121 | D:1      | Escaped the Abyss
   274 | D:1      | Reached XP level 2. HP: 24/24 MP: 3/3
   327 | D:1      | Reached * piety under Lugonu
   459 | D:1      | Reached XP level 3. HP: 19/30 MP: 4/4
  1325 | D:2      | Reached XP level 4. HP: 34/37 MP: 5/5
  1326 | D:2      | Reached skill level 3 in Polearms
  1707 | D:2      | Reached ** piety under Lugonu
  2358 | D:2      | Found a burning altar of Makhleb.
  2450 | D:3      | Reached XP level 5. HP: 39/43 MP: 6/6
  2643 | D:3      | Reached skill level 4 in Polearms
  2992 | D:3      | Noticed an ice beast
  3008 | D:3      | You fall through a shaft!
  3008 | D:4      | Found a hide-covered altar of Uskayaw.
  3008 | D:4      | Found a white marble altar of Elyvilon.
  3110 | D:4      | Found a sand-covered staircase.
  3375 | Ossuary  | Entered an ossuary
  3492 | Ossuary  | Reached XP level 6. HP: 49/49 MP: 7/7
  3639 | Ossuary  | Reached skill level 5 in Polearms
  4108 | Ossuary  | Reached XP level 7. HP: 50/55 MP: 8/8
  4361 | D:4      | Reached skill level 6 in Polearms
  4490 | D:4      | Found a sacrificial altar of Ru.
  4619 | D:4      | Found Exygo's Book Boutique.
  4687 | D:4      | Found Piwubafri's Magic Scroll Shoppe.
  4700 | D:4      | Found a deep blue altar of Sif Muna.
  5043 | D:4      | Found Seli's Jewellery Boutique.
  5138 | D:4      | Found Quiw's Serpentskin Sales.
  5138 | D:4      | Noticed a water moccasin
  5144 | D:4      | Killed a water moccasin
  5173 | D:4      | Reached skill level 7 in Polearms
  5222 | D:4      | Bought a scroll of enchant weapon for 75 gold pieces
  5412 | D:3      | Reached *** piety under Lugonu
  5483 | D:3      | Reached XP level 8. HP: 26/61 MP: 9/9
  5685 | D:3      | Reached skill level 8 in Polearms
  5850 | D:5      | Entered Level 5 of the Dungeon
  5953 | D:5      | Noticed Dowan
  5954 | D:5      | Noticed Duvessa
  5968 | D:5      | Killed Duvessa
  5977 | D:5      | Killed Dowan
  5977 | D:5      | Reached skill level 9 in Polearms
  6210 | D:5      | Found a runed door.
  6211 | D:5      | Noticed Iscandelvey's ghost (novice DgWz)
  6454 | D:5      | Found a staircase to the Ecumenical Temple.
  6600 | D:5      | Reached skill level 10 in Polearms
  6600 | D:5      | Reached XP level 9. HP: 45/66 MP: 10/10
  6901 | D:6      | Found a radiant altar of Vehumet.
  7337 | D:6      | Reached skill level 11 in Polearms
  7418 | D:6      | Reached **** piety under Lugonu
  8774 | D:7      | Found Cyucude's Distillery.
  8868 | D:8      | Reached skill level 5 in Fighting
  8876 | D:8      | Found a transporter.
  8878 | D:8      | Noticed Phong's ghost (novice OpTm)
  8884 | D:8      | Noticed an orc high priest
  8907 | D:8      | Got a pitted lajatang
  8908 | D:8      | Identified the +6 lajatang "Jemuzoz" {slice, rC+ rN+ Str+2}
                  | (You found it on level 8 of the Dungeon)
  8940 | D:8      | Noticed a hippogriff
  8945 | D:8      | Killed a hippogriff
  8945 | D:8      | Reached XP level 10. HP: 74/74 MP: 12/12
  9087 | D:8      | Noticed a two-headed ogre
  9094 | D:8      | Slain by a two-headed ogre

Skill      XL: |  1  2  3  4  5  6  7  8  9 |
---------------+----------------------------+-----
Fighting       | 4 5 |  5.1
Polearms       | 3 4 5 7 10 11 | 11.7
Armour         | 3 4 |  4.5
Invocations    | 3 |  3.9
Staves         | |  0.5
Dodging        | |  0.8

Action                   |  1- 3 |  4- 6 |  7- 9 | 10-12 || total
-------------------------+-------+-------+-------+-------++-------
Melee: Spear             |   125 |   424 |   502 |       ||  1051
       Trident           |       |       |   195 |       ||   195
       Lajatang          |       |       |    10 |    10 ||    20
Throw: Javelin           |       |       |     1 |       ||     1
Invok: Depart the Abyss  |     1 |       |       |       ||     1
       Bend Space        |       |     2 |     1 |       ||     3
 Abil: Shaft Self        |       |     1 |       |       ||     1
  Use: Scroll            |       |     5 |     9 |       ||    14
       Potion            |       |     2 |     2 |       ||     4
  Eat: Chunk             |     1 |     4 |    15 |     1 ||    21
       Ration            |       |     2 |       |       ||     2
Armor: Chain mail        |    44 |   173 |   240 |     4 ||   461
Dodge: Dodged            |    39 |    82 |   142 |     6 ||   269
